 Dungeon Crawl Stone Soup version 0.18-a0-1642-g3ae59fa (webtiles) character file.

1194 Manintree the Basher (level 8, 70/70 HPs)
             Began as a Minotaur Fighter on Oct 7, 2015.
             Got out of the dungeon alive.
             The game lasted 00:21:10 (6725 turns).

Manintree the Basher (Minotaur Fighter)             Turns: 6725, Time: 00:21:11

Health: 70/70      AC: 11    Str: 22    XL:     8   Next: 20%
Magic:  7/7        EV:  6    Int:  5    God:
Gold:   264        SH: 10    Dex: 11    Spells: 0 memorised, 7 levels left

rFire  + . .     SeeInvis .     H - +4 mace (holy)
rCold  + . .     Gourm    .     D - +0 chain mail
rNeg   . . .     Faith    .     c - +0 shield
rPois  .         Spirit   .     t - +0 hat
rElec  .         Dismiss  .     (no cloak)
rCorr  .         Reflect  .     z - +0 pair of gloves
SustAt .         Harm     .     (no boots)
MR     .....                    m - amulet of magic regeneration
Stlth  ..........               l - ring of protection from fire
                                h - ring of protection from cold

@: not resistant to hostile enchantments, extremely unstealthy
A: retaliatory headbutt, horns 2
a: no special abilities


You escaped.
You were not hungry.

You visited 1 branch of the dungeon, and saw 6 of its levels.
You also visited: Sewer.

You collected 352 gold pieces.
You spent 88 gold pieces at shops.

Inventory:

Hand Weapons
 a - a +0 flail
 H - a +4 mace of holy wrath (weapon)
Armour
 b - a +0 scale mail
 c - a +0 shield (worn)
 t - a +0 hat (worn)
 z - a +0 pair of gloves (worn)
 D - a +0 chain mail (worn)
Magical Staves
 F - an uncursed staff of poison
Jewellery
 h - a ring of protection from cold (left hand)
 j - an uncursed ring of ice
 l - a ring of protection from fire (right hand)
 m - an amulet of magic regeneration (around neck)
 E - an uncursed amulet of faith
Wands
 B - a wand of paralysis (22/24)
Scrolls
 q - 3 scrolls of remove curse
 u - a scroll of magic mapping
 v - 3 scrolls of random uselessness
 w - a scroll of amnesia
 y - a scroll of noise
 A - a scroll of identify
 C - a scroll of immolation
 I - 3 scrolls of teleportation
Potions
 d - 2 potions of might
 f - 3 potions of resistance
 i - a potion of brilliance
 k - 3 potions of lignification
 n - a potion of invisibility
 r - 6 potions of flight
 x - a potion of haste
Comestibles
 e - 3 bread rations
 g - 3 beef jerkies
 o - a slice of pizza
 s - 2 meat rations


   Skills:
 + Level 6.1 Fighting
 * Level 8.0 Maces & Flails
 + Level 6.2 Armour
 + Level 6.4 Shields


You had 7 spell levels left.
You didn't know any spells.

Dungeon Overview and Level Annotations

Branches:
Dungeon (6/15)
 Temple: D:4-7

Altars:
Ashenzari
Cheibriados
Fedhas
Kikubaaqudgha
Nemelex Xobeh
Ru
Sif Muna
Vehumet
Xom

Shops:
D:4 (   D:5 ?


Innate Abilities, Weirdness & Mutations

You reflexively headbutt those who attack you in melee.
You have a pair of horns on your head.


Message History

Your Maces & Flails skill increases to level 8!
You feel a bit more experienced.
(D) Dungeon
Where to? (Enter - D:1, ? - help)
Things that are here:
a dagger; a robe; an orc corpse
There is a stone staircase leading up here.
You climb upwards.
There is a stone staircase leading down here.
There is a stone staircase leading up here.
You climb upwards.
There is a stone staircase leading down here.
(D) Dungeon
Where to? (Enter - D:1, ? - help)
Okay, then.
You open the door.
There is an open door here.
There is a staircase leading out of the dungeon here.
Are you sure you want to leave the Dungeon?
This will make you lose the game!
You have escaped!

#.##....##.)## #.......#
#.####.####..# #.......#
#.# ##.## ##.# #.......#
#.# #...# #.# #.......# #.#
#...####.# #.......# #.#
#...##...# #.......# #.#
###.....## #.......# #.#
##....# #......)# #.#
##.@.# ######### #.#
##...## #........ #.#
#..#.# #........ #.#
##.##.# #........ #.#
#..#..# #........ #.#
##.##..## #........
#.###..#..#.#######........
#....#...##................
#..########.#######........


There were no monsters in sight!

Vanquished Creatures
  Sigmund (D:4)
  A centaur (D:5)
  A phantom (D:5)
  An ogre (D:4)
  A necrophage (D:5)
  3 scorpions (D:4)
  A crimson imp (D:5)
  A centaur zombie (D:5)
  3 orc priests
  3 orc wizards
  A worker ant (D:4)
  A killer bee zombie (D:5)
  4 gnolls
  7 adders
  A river rat (D:6)
  6 oozes
  5 worms
  8 orcs
  5 ball pythons
  8 bats
  6 giant cockroaches
  4 hobgoblins
  13 jackals
  4 giant geckos
  9 giant newts
  9 goblins
  10 kobolds
  4 quokkas
  2 quokka skeletons (D:4)
  13 rats
136 creatures vanquished.

Notes
Turn   | Place    | Note
--------------------------------------------------------------
     0 | D:1      | Manintree the Minotaur Fighter began the quest for the Orb.
     0 | D:1      | Reached XP level 1. HP: 19/19 MP: 0/0
   223 | D:1      | Reached XP level 2. HP: 27/27 MP: 1/1
   839 | D:1      | Reached XP level 3. HP: 33/33 MP: 2/2
  1019 | D:2      | Found a radiant altar of Vehumet.
  1214 | D:2      | Found an ancient bone altar of Kikubaaqudgha.
  1402 | D:2      | Found a snail-covered altar of Cheibriados.
  1409 | D:2      | Found a shattered altar of Ashenzari.
  1508 | D:2      | Reached XP level 4. HP: 31/40 MP: 3/3
  1575 | D:2      | Found a sparkling altar of Nemelex Xobeh.
  2905 | D:3      | Reached XP level 5. HP: 27/47 MP: 4/4
  3577 | D:4      | Reached skill level 5 in Maces & Flails
  3726 | D:4      | Reached XP level 6. HP: 34/53 MP: 5/5
  3729 | D:4      | Reached skill level 5 in Armour
  3965 | D:4      | Noticed an ogre
  3966 | D:4      | Noticed Sigmund
  3971 | D:4      | Killed an ogre
  3971 | D:4      | Reached skill level 5 in Fighting
  3971 | D:4      | Reached skill level 5 in Shields
  3996 | D:4      | Killed Sigmund
  3996 | D:4      | Reached skill level 6 in Maces & Flails
  3996 | D:4      | Reached XP level 7. HP: 38/61 MP: 6/6
  4288 | D:4      | Found Yfae's Antique Weapon Shop.
  4547 | D:4      | Found a blossoming altar of Fedhas.
  4838 | D:5      | Entered Level 5 of the Dungeon
  4932 | D:5      | Found a blossoming altar of Fedhas.
  5191 | D:5      | Reached skill level 7 in Maces & Flails
  5337 | D:5      | Reached XP level 8. HP: 68/70 MP: 7/7
  5468 | D:5      | Found Loet's Magic Scroll Boutique.
  5476 | D:5      | Bought a scroll of identify for 22 gold pieces
  5476 | D:5      | Bought a scroll of identify for 22 gold pieces
  5476 | D:5      | Bought a scroll of identify for 22 gold pieces
  5476 | D:5      | Bought a scroll of identify for 22 gold pieces
  5634 | D:5      | Found a sacrificial altar of Ru.
  5634 | D:5      | Found a shimmering altar of Xom.
  5634 | D:5      | Found a deep blue altar of Sif Muna.
  5826 | D:6      | Found a glowing drain.
  5879 | Sewer    | Entered a sewer
  6452 | Sewer    | Upgraded the game from 0.17-a0-1996-gd2c0ec8 to 0.18-a0-1642-g3ae59fa
  6649 | D:3      | Reached skill level 8 in Maces & Flails
  6725 | D:$      | Got out of the dungeon alive.

Vault maps used:
D:1:      dpeg_arrival_round_c, minmay_distorted
D:2:      old_standard_altar, lemuel_coloured_pillars_altar,
          kiku_gazebo_pond_becter, amethyst_overflow_temple_binary,
          minmay_misc_feat_pillars
D:3:      grunt_ministairs_4
D:4:      lemuel_upstairs_altar, kennysheep_little_box, serial_shops,
          kennysheep_mini, uniq_sigmund
D:5:      gammafunk_temple_overflow_claw, serial_shops, shop_fountains,
          first_bread, fedhas_altar_2
D:6:      makhleb_grotto_becter, temple_green, portal_sewer_entry_a,
          uniq_blork_the_orc, uniq_grinder
Sewer:    sewer_fruit_machine

Skill      XL: |  1  2  3  4  5  6  7  8 |
---------------+-------------------------+-----
Armour         | 4 5 |  6.2
Maces & Flails | 5 6 7 8 |  8.0
Fighting       | 5 |  6.1
Shields        | 5 |  6.4

Action                   |  1- 3 |  4- 6 |  7- 9 || total
-------------------------+-------+-------+-------++-------
Melee: Flail             |   120 |   110 |    30 ||   260
       Mace              |       |       |   121 ||   121
  Use: Potion            |       |     6 |     1 ||     7
       Scroll            |       |       |    15 ||    15
  Eat: Chunk             |     2 |     4 |     6 ||    12
       Bread ration      |       |     1 |     1 ||     2
